 Dungeon Crawl Stone Soup version 0.27-a0-951-gae3e1deef5 (webtiles) character file.

Game seed: 17939650786119036885

4480 wakim the Grappler (level 10, -5/71 HPs)
             Began as an Octopode Transmuter on Apr 11, 2021.
             Was a Follower of Uskayaw.
             Killed by the air
             ... invoked by Gastronok
              (30 damage)
             ... on level 8 of the Dungeon.
             The game lasted 00:46:22 (15563 turns).

wakim the Grappler (Octopode Transmuter)           Turns: 15563, Time: 00:46:22

Health: -5/71      AC:  2    Str: 14    XL:     10   Next: 38%
Magic:  13/14      EV: 37    Int: 15    God:    Uskayaw [*.....]
Gold:   525        SH:  0    Dex: 17    Spells: 2/15 levels left

rFire    . . .     SeeInvis .     - Unarmed
rCold    . . .     Faith    .   (shield currently unavailable)
rNeg     . . .     Spirit   .   (helmet currently unavailable)
rPois    x         Reflect  .   l - amulet of the acrobat
rElec    .         Harm     .   a - ring of resist corrosion
rCorr    +         Rampage  .   e - ring of flight
Will     .....                  (no ring)
Stlth    +++.......             (no ring)
HPRegen  0.21/turn              (no ring)
MPRegen  0.14/turn              (no ring)
                                (no ring)
                                (no ring)

@: spider-form (expiring), acrobatic, flying, studying Maces & Flails
A: venomous fangs, almost no armour, (amphibious), 8 rings, tiny, (camouflage
1), (gelatinous body 1), (nimble swimmer 1), (tentacles)
a: End Transformation, Renounce Religion, Stomp


You were on level 8 of the Dungeon.
You worshipped Uskayaw.
Uskayaw was noncommittal.
You were a venomous arachnid creature.
You visited 2 branches of the dungeon, and saw 9 of its levels.

You collected 631 gold pieces.
You spent 106 gold pieces at shops.

Inventory:

Hand Weapons
 b - the +8 flail "Maori" {pain, rElec Will+ Str+7 Dex-4}
   (You found it on level 6 of the Dungeon)

   In the hands of one skilled in necromantic magic, it inflicts extra damage on
   living creatures.
   It affects your strength (+7).
   It affects your dexterity (-4).
   It insulates you from electricity.
   It increases your willpower.
Missiles
 h - 12 javelins
Armour
 j - a +2 kite shield
Jewellery
 a - a ring of resist corrosion (left front leg)
 e - a ring of flight (right front leg)
 l - an amulet of the acrobat (around neck)
Scrolls
 i - a scroll of enchant weapon
 k - a scroll of enchant armour
 m - 2 scrolls of amnesia
 Q - 3 scrolls of immolation {!r!r}
 S - a scroll of summoning
Potions
 c - 2 potions of mutation {unknown}
 f - a potion of cancellation {unknown}
 g - a potion of brilliance {unknown}
 n - 2 potions of flight {unknown}
 B - 3 potions of attraction {!q}
 F - 3 potions of curing
 J - 2 potions of heal wounds
 O - 3 potions of resistance


   Skills:
 + Level 7.4 Fighting
 * Level 4.6 Dodging
 - Level 4.0 Stealth
 * Level 3.4 Shields
 + Level 8.1 Unarmed Combat
 - Level 3.0 Spellcasting
 + Level 6.9 Transmutations
 * Level 4.5 Invocations


You had 2 spell levels left.
You knew the following spells:

 Your Spells              Type           Power      Damage    Failure   Level
a - Beastly Appendage     Tmut           44%        N/A       6%          1
b - Hydra Form            Tmut           11%        N/A       54%         5
c - Ice Form              Ice/Tmut       12%        N/A       65%         4
x - Spider Form           Tmut/Pois      6%         N/A       32%         3

Your spell library contained the following spells:

 Spells                   Type           Power      Damage    Failure   Level
 Wereblood                Tmut           22%        N/A       8%          2
 Freeze                   Ice            8%         1d3       41%         1
 Magic Dart               Conj           8%         1d3       41%         1
 Poisonous Vapours        Pois/Air       4%         N/A       52%         2
 Searing Ray              Conj           4%         3d3       52%         2
 Conjure Flame            Conj/Fire      2%         6-21      73%         3
 Dazzling Flash           Conj/Hex       4%         N/A       73%         3
 Frozen Ramparts          Ice            4%         1d2       73%         3
 Mephitic Cloud           Conj/Pois/Air  2%         N/A       73%         3
 Ozocubu's Armour         Ice            2%         N/A       73%         3
 Fulminant Prism          Conj/Hex       1%         3d6       97%         4
 Hailstorm                Conj/Ice       2%         3d3       97%         4
 Iskenderun's Mystic Bla  Conj/Tloc      2%         2d3       97%         4
 Metabolic Englaciation   Hex/Ice        1%         N/A       100%        5
 Freezing Cloud           Conj/Ice/Air   1%         6-21      100%        6


Dungeon Overview and Level Annotations

Branches:
Dungeon (8/15)             Temple (1/1) D:6
   Lair: D:8-11

Altars:
Cheibriados
Dithmenos
Elyvilon
Fedhas
Gozag
Hepliaklqana
Nemelex Xobeh
Qazlal
Sif Muna
Uskayaw
Vehumet
Wu Jian
Xom
Yredelemnul
Zin
The Shining One

Shops:
D:1 *

Annotations:
D:3 exclusion: oklob plant
D:8 3 runed translucent doors, Gastronok; Maurice; Scuka's ghost, novice MiBe; diceflayer's ghost, novice FoFi; gus3d's ghost, amateur OpMo


Innate Abilities, Weirdness & Mutations

You are a venomous arachnid creature.
You have poisonous fangs.
You are tiny and dextrous.
Your spellcasting is less reliable in this form.
Your armour is entirely melded.
You are incapable of wielding weapons or throwing items.
You cannot wear most types of armour.
((You are amphibious.))
You can wear up to eight rings at the same time.
((Your skin changes colour to match your surroundings (Stealth+).))
((Your rubbery body absorbs attacks. (AC +1, EV +1)))
((You are camouflaged near water. (Stealth+)))
((You have tentacles for arms and can constrict up to eight enemies at once.))


Message History

You continue taking off your +2 kite shield. x4
You finish taking off your +2 kite shield.
Things that are here:
a +0 dagger; a +0 robe
Items here: )))) [[.
Things that are here:
a +0 dagger; 2 boomerangs; an orc skeleton
Items here: )) [ ÷÷.
Things that are here:
a +0 short sword; a +0 scale mail
There is an open door here.
You see here a +0 war axe.
There is an open door here.
Gastronok is nearby!
Gastronok gurgles horribly!
There is an open door here.
Gastronok casts a spell at you.
You feel yourself slow down.
You feel yourself speed up.
Casting: Spider Form (dangerous; 14% risk of failure)
Confirm with . or Enter, or press ? or * to list all spells.
You turn into a venomous arachnid creature.
Your transformation is almost over.
You hit Gastronok.
Gastronok is lightly wounded.
You hit Gastronok.
Gastronok is poisoned.
Gastronok is lightly wounded.
Gastronok completely misses you.
You hit Gastronok but do no damage.
Gastronok looks even sicker.
Gastronok is lightly wounded.
You bite Gastronok!
Gastronok looks as sick as possible!
Gastronok is lightly wounded.
Gastronok bites you!!
Gastronok waves his eye-stalks in wide circles.
The air twists around and strikes you!!
* * * LOW HITPOINT WARNING * * *
Gastronok gurgles, "I'll eat you, I will!"
Gastronok waves his eye-stalks in wide circles.
The air twists around and strikes you!!
You die...

#<# #.# ####..... ### #.#
#........
##########.######+++###
#............#P.....WWP
#.#####....###⌠.......⌠ #.#
#....# #P.......P #.# #....#
#........$
#.#####....####8.....8#
#>....s.......##$(8..## #####
#w########.....# # #...# #.#
#########+### #.#.#####.#
#.)))).....#
#.#..w....#########.####.>...#
#.##########.........)##.....##
##'### #..........###......
#....########..(.).....#
#......
#.w..'...)..'..........#
#......


You could see Gastronok (very poisoned).

Vanquished Creatures
  Pikel (D:8)
  Prince Ribbit (D:7)
  Grinder (D:5)
  A steam dragon (D:8)
  6 yaks
  Menkaure (D:5)
  2 water moccasins
  An ice beast (D:7)
  3 sky beasts
  3 necrophages
  5 ogres
  3 lemures (D:8)
  2 bullfrogs
  A gnoll sergeant (D:7)
  3 scorpions
  A water moccasin skeleton (D:5)
  3 wights (D:6)
  A centaur zombie (D:6)
  3 hounds
  A centaur skeleton (D:6)
  A jelly (D:7)
  2 bullfrog zombies
  A gnoll shaman (D:8)
  2 iguanas
  An orc priest (D:4)
  Crazy Yiuf (D:5)
  A bullfrog skeleton (D:7)
  3 orc wizards
  A hound skeleton (D:4)
  7 adders
  14 gnolls
  A howler monkey skeleton (D:7)
  A white imp (D:5)
  2 ufetubi
  A worm (D:2)
  3 dart slugs
  33 orcs
  6 endoplasms
  2 giant cockroaches
  7 goblins
  9 hobgoblins
  5 jackals
  2 quokkas
  10 ball pythons
  A ball python zombie (D:3)
  4 bats
  5 frilled lizards
  A jackal zombie (D:3)
  6 kobolds
  4 rats
180 creatures vanquished.

Vanquished Creatures (others)
  5 plants (D:3)
  4 withered plants (D:8)
9 creatures vanquished.

Grand Total: 189 creatures vanquished

Notes
Turn   | Place    | Note
-------+----------+-------------------------------------------
     0 | D:1      | wakim the Octopode Transmuter began the quest for the Orb.
     0 | D:1      | Reached XP level 1. HP: 13/13 MP: 3/3
   158 | D:1      | Reached XP level 2. HP: 14/18 MP: 3/5
   176 | D:1      | Reached skill level 1 in Stealth
   832 | D:1      | Found Esitrij's General Store.
  1125 | D:2      | Reached XP level 3. HP: 24/24 MP: 4/6
  2264 | D:2      | Reached XP level 4. HP: 22/30 MP: 5/7
  2878 | D:3      | Found a blossoming altar of Fedhas.
  2892 | D:3      | Noticed an oklob plant
  3259 | D:3      | Reached skill level 4 in Unarmed Combat
  3630 | D:3      | Found a faded altar of an unknown god.
  3635 | D:3      | Became a worshipper of Uskayaw the Reveller
  3635 | D:3      | Reached * piety under Uskayaw
  3671 | D:3      | Reached ** piety under Uskayaw
  3852 | D:3      | Found a basalt altar of Yredelemnul.
  4345 | D:3      | Reached XP level 5. HP: 36/36 MP: 8/8
  4488 | D:3      | Learned a level 3 spell: Spider Form
  6124 | D:4      | Noticed a necrophage
  6187 | D:4      | Reached XP level 6. HP: 20/43 MP: 9/9
  6936 | D:4      | Found a white marble altar of Elyvilon.
  6984 | D:4      | Noticed a necrophage
  7010 | D:3      | Killed a necrophage
  7010 | D:3      | Reached *** piety under Uskayaw
  7011 | D:3      | Reached skill level 5 in Unarmed Combat
  7060 | D:4      | Killed a necrophage
  7061 | D:4      | Reached XP level 7. HP: 43/49 MP: 7/10
  8183 | D:4      | Reached skill level 5 in Fighting
  8324 | D:5      | Entered Level 5 of the Dungeon
  8324 | D:5      | Noticed Grinder
  8635 | D:4      | Reached skill level 6 in Unarmed Combat
  8635 | D:4      | Reached XP level 8. HP: 52/55 MP: 8/11
  8864 | D:5      | Noticed Menkaure
  8894 | D:5      | Killed Menkaure
  8980 | D:5      | Learned a level 4 spell: Ice Form
  9134 | D:5      | Paralysed by Grinder for 6 turns
  9297 | D:5      | Killed Grinder
  9298 | D:5      | Reached skill level 5 in Transmutations
  9641 | D:1      | Bought 4 javelins for 41 gold pieces
  9641 | D:1      | Bought a potion of heal wounds for 65 gold pieces
  9835 | D:5      | Found a runed translucent door.
  9836 | D:5      | Noticed Crazy Yiuf
  9851 | D:5      | Killed Crazy Yiuf
 10156 | D:6      | Found a staircase to the Ecumenical Temple.
 10167 | D:6      | Identified the +8 flail "Maori" {pain, rElec Will+ Str+7
                  | Dex-4}
 10259 | Temple   | Entered the Ecumenical Temple
 10468 | D:6      | Reached XP level 9. HP: 63/63 MP: 3/13
 10474 | D:6      | Reached skill level 7 in Unarmed Combat
 10785 | D:6      | Found a hide-covered altar of Uskayaw.
 10948 | D:6      | Learned a level 5 spell: Hydra Form
 11341 | D:6      | Identified the +6 chain mail of Greed {Rampage Drain Dex+2}
 11694 | D:6      | Found a glowing silver altar of Zin.
 11875 | D:7      | Reached skill level 1 in Invocations
 12141 | D:7      | Found an ornate altar of the Wu Jian Council.
 13126 | D:7      | Reached skill level 1 in Shields
 13334 | D:7      | Noticed Prince Ribbit
 13359 | D:7      | Killed Prince Ribbit
 13360 | D:7      | Reached XP level 10. HP: 69/71 MP: 7/14
 13736 | D:8      | Noticed Pikel
 13777 | D:8      | Killed Pikel
 13778 | D:8      | Reached skill level 8 in Unarmed Combat
 14007 | D:8      | Noticed Gastronok
 14785 | D:8      | Noticed Maurice
 15087 | D:8      | Found a runed translucent gate.
 15187 | D:8      | Found a runed translucent gate.
 15188 | D:8      | Found a runed translucent gate.
 15189 | D:8      | Noticed Scuka's ghost (novice MiBe)
 15189 | D:8      | Noticed diceflayer's ghost (novice FoFi)
 15190 | D:8      | Noticed gus3d's ghost (amateur OpMo)
 15563 | D:8      | Killed from afar by Gastronok

Illustrated notes

Levels and vault maps discovered:
D:1:      amcnicky_arrival_choice, layout_basic, serial_shops, shop,
          corner_web_ring
D:2:      layout_loops_ring, chequers_jeans, dk_vineyard_1, grunt_ministairs_4
D:3:      layout_basic, tgw_fedhas, lemuel_zombie_altar_yredelemnul,
          chequers_ecumenical_altar_lobes, minmay_distorted
D:4:      layout_gridville, general_overflow_altar
D:5:      layout_rooms, uniq_crazy_yiuf_cottage, uniq_grinder, uniq_menkaure
D:6:      layout_loops_ring, nicolae_uskayaw_dance_hall, zin_statuary,
          minmay_temple_entry_offerings
D:7:      layout_basic, nicolae_wu_jian_wuxing_cycle,
          kennysheep_cross_bottleneck, uniq_prince_ribbit1
D:8:      layout_basic, gammafunk_ghost_cemetery, uniq_gastronok, uniq_pikel,
          uniq_maurice
Temple:   eino_wide_crystal_templ

Skill      XL: |  1  2  3  4  5  6  7  8  9 10 |
---------------+-------------------------------+-----
Stealth        | 1 2 3 4 |  4.0
Fighting       | 2 3 4 5 6 7 |  7.4
Unarmed Combat | 4 5 6 7 8 |  8.1
Transmutations | 3 4 5 6 |  6.9
Spellcasting   | 3 |  3.0
Invocations    | 3 4 |  4.5
Dodging        | 3 4 |  4.6
Shields        | 2 3 |  3.4

Action                   |  1- 3 |  4- 6 |  7- 9 | 10-12 || total
-------------------------+-------+-------+-------+-------++-------
Melee: Unarmed           |    84 |   125 |   235 |    94 ||   538
       Constrict         |    22 |    35 |     8 |     1 ||    66
       Tentacles         |    18 |    21 |    11 |       ||    50
       Kick              |    18 |    28 |     7 |       ||    53
       Punch             |     2 |     3 |     1 |     1 ||     7
 Cast: Beastly Appendage |    34 |    46 |    12 |       ||    92
       Spider Form       |       |       |    34 |    20 ||    54
       Ice Form          |       |       |     4 |       ||     4
Invok: Line Pass         |       |       |     9 |     1 ||    10
  Use: Scroll            |     3 |     5 |     6 |     1 ||    15
       Potion            |       |       |       |     1 ||     1
 Stab: Sleeping          |     5 |     4 |     4 |       ||    13
       Paralysed         |       |       |     1 |     2 ||     3
Armor: Skin              |     4 |     5 |     8 |     1 ||    18
Dodge: Dodged            |    31 |    54 |   161 |    68 ||   314

Table legend: (Time is in decaauts)
 A = Elapsed time spent in this place.
 B = Non-inter-level travel time spent in this place.
 C = Inter-level travel time spent in this place.
 D = Time resting spent in this place.
 E = Time spent auto-exploring this place.
 F = Levels seen in this place.
 G = Mean time per level.
                   A        B        C        D        E       F      G
               +--------+--------+--------+--------+--------+-----+--------+
         Total |  15538 |  14500 |   1038 |   1995 |   9819 |   9 | 1726.4 |
       Dungeon |  15464 |  14448 |   1016 |   1995 |   9768 |   8 | 1933.0 |
        Temple |     74 |     52 |     22 |      0 |     51 |   1 |   74.0 |
               +--------+--------+--------+--------+--------+-----+--------+

Top non-repeatable levels by time:
     D:3: 3689 daAuts
     D:7: 2164 daAuts
     D:2: 2108 daAuts
     D:4: 1833 daAuts
     D:8: 1621 daAuts
     D:5: 1468 daAuts
     D:6: 1400 daAuts
     D:1: 1178 daAuts
  Temple: 74 daAuts
